MLB
NEW YORK (N) METS @ LOS ANGELES (N) DODGERS
06/30/2041
 
TOP OF THE 1ST
New York (N) Mets batting - Pitching for Los Angeles (N) Dodgers : RHP Lou Fitzpatrick
Pitching: RHP Lou Fitzpatrick
Batting: RHB Don Cole 0-0: Called Strike
0-1: Ball
1-1: DOUBLE (Line Drive, 3D, EV 99.4 MPH)
Batting: LHB José González 0-0: Ball
1-0: Foul Ball, location: 2F
1-1: Foul Ball, location: 2F
1-2: Ground out U3 (Groundball, 34S, EV 88.8 MPH)
Don Cole to third
Batting: LHB Danny Kerr 0-0: Ball
1-0: Called Strike
1-1: Called Strike
1-2: Ball
2-2: Ground out 4-3 (Groundball, 4, EV 82.5 MPH)
Don Cole scores
Batting: LHB Joel Wright 0-0: Called Strike
0-1: Ball
1-1: Swinging Strike
1-2: Strikes out swinging
Top of the 1st over - 1 run, 1 hit, 0 errors, 0 left on base; New York (N) 1 - Los Angeles (N) 0
BOTTOM OF THE 1ST
Los Angeles (N) Dodgers batting - Pitching for New York (N) Mets : RHP Bob Ferguson
Pitching: RHP Bob Ferguson
Batting: RHB Rocky Hutchison 0-0: Ball
1-0: Called Strike
1-1: Ball
2-1: Ball
3-1: Foul Ball, location: 2RF
3-2: Strikes out swinging
Batting: SHB Leroy Brown 0-0: Ball
1-0: Ball
2-0: Ball
3-0: Base on Balls
Batting: SHB Gonzo Ganjahlez 0-0: Ball
Leroy Brown steals 2nd base
1-0: Ball
2-0: Foul Ball, location: 3DF
2-1: Ball
3-1: SINGLE (Line Drive, 4M, EV 99.4 MPH)
Leroy Brown to third
Batting: RHB Abraão Vicente 0-0: Ball
1-0: Called Strike
1-1: Foul Ball, location: 2F
1-2: 3-RUN HOME RUN (Flyball, 7D, EV 94.4 MPH), Distance : 367 ft
Batting: RHB Luis Yagues 0-0: Foul Ball, location: 3FF
0-1: Foul Ball, location: 23FF
0-2: Foul Ball, location: 2F
0-2: Ball
1-2: Ball
2-2: Foul Ball, location: 3F
2-2: Ball
3-2: Foul Ball, location: 2F
3-2: Foul Ball, location: 9LSF
3-2: Base on Balls
Batting: LHB António Moreno 0-0: Called Strike
Luis Yagues steals 2nd base
0-1: Ball
1-1: Called Strike
1-2: Strikes out swinging
Batting: LHB Sean Williams 0-0: SINGLE (Groundball, 34D, EV 94.4 MPH)
Luis Yagues to third
Runner from 3rd tries for Home, throw by RF and OUT! 9-2
Bottom of the 1st over - 3 runs, 3 hits, 0 errors, 1 left on base; New York (N) 1 - Los Angeles (N) 3
TOP OF THE 2ND
New York (N) Mets batting - Pitching for Los Angeles (N) Dodgers : RHP Lou Fitzpatrick
Batting: RHB Ottavio Attene 0-0: Ball
1-0: Foul Ball, location: 5F
1-1: Called Strike
1-2: Strikes out swinging
Batting: LHB Jim Bond 0-0: Ball
1-0: Swinging Strike
1-1: Ball
2-1: Called Strike
2-2: Fly out, F7 (Flyball, 78S, EV 85.0 MPH)
Batting: LHB Isaac Miller 0-0: Ball
1-0: Ball
2-0: Ball
3-0: Called Strike
3-1: Foul Ball, location: 7LMF
3-2: Foul Ball, location: 3FF
3-2: Strikes out swinging
Top of the 2nd over - 0 runs, 0 hits, 0 errors, 0 left on base; New York (N) 1 - Los Angeles (N) 3
BOTTOM OF THE 2ND
Los Angeles (N) Dodgers batting - Pitching for New York (N) Mets : RHP Bob Ferguson
Batting: RHB Guaspar Joo 0-0: Ground out 6-3 (Groundball, 56, EV 97.5 MPH)
Batting: RHB T.J. Greenham 0-0: Ball
1-0: Fly out, F8 (Flyball, 8LD, EV 96.9 MPH)
Batting: RHB Rocky Hutchison 0-0: Foul Ball, location: 3FF
0-1: Swinging Strike
0-2: Strikes out swinging
Bottom of the 2nd over - 0 runs, 0 hits, 0 errors, 0 left on base; New York (N) 1 - Los Angeles (N) 3
TOP OF THE 3RD
New York (N) Mets batting - Pitching for Los Angeles (N) Dodgers : RHP Lou Fitzpatrick
Batting: RHB Steve Robinson 0-0: Ball
1-0: Called Strike
1-1: Ball
2-1: Ball
3-1: SINGLE (Groundball, 4, EV 105.0 MPH) (infield hit)
Batting: SHB Alfredo Vega 0-0: Called Strike
0-1: Foul Ball, location: 2F
0-2: Ball
1-2: Strikes out swinging
Batting: RHB Don Cole Pickoff Throw to First - Out! 1-3
0-0: Called Strike
0-1: Ground out 2-3 (Groundball, 2L, EV 65.6 MPH)
Top of the 3rd over - 0 runs, 1 hit, 0 errors, 0 left on base; New York (N) 1 - Los Angeles (N) 3
BOTTOM OF THE 3RD
Los Angeles (N) Dodgers batting - Pitching for New York (N) Mets : RHP Bob Ferguson
Batting: SHB Leroy Brown 0-0: SINGLE (Line Drive, 6M, EV 97.5 MPH)
Batting: SHB Gonzo Ganjahlez 0-0: Fly out, F9 (Flyball, 9D, EV 100.6 MPH)
Batting: RHB Abraão Vicente 0-0: Ball
1-0: Ball
Pickoff Throw to First - Out! 1-3
2-0: Ball
3-0: Called Strike
3-1: Base on Balls
Batting: RHB Luis Yagues 0-0: Called Strike
0-1: Called Strike
0-2: Foul Ball, location: 23F
0-2: Ball
1-2: Foul Ball, location: 3FF
1-2: Foul Ball, location: 2F
1-2: Ball
2-2: Ground out U3 (Groundball, 3L, EV 104.4 MPH)
Bottom of the 3rd over - 0 runs, 1 hit, 0 errors, 1 left on base; New York (N) 1 - Los Angeles (N) 3
TOP OF THE 4TH
New York (N) Mets batting - Pitching for Los Angeles (N) Dodgers : RHP Lou Fitzpatrick
Batting: LHB José González 0-0: Ground out 4-3 (Groundball, 4, EV 82.5 MPH)
Batting: LHB Danny Kerr 0-0: Foul Ball, location: 9LMFF
0-1: Ball
1-1: Ball
2-1: Foul Ball, location: 7LMF
2-2: Ball
3-2: Foul Ball, location: 7LMF
3-2: Strikes out looking
Batting: LHB Joel Wright 0-0: Ball
1-0: Swinging Strike
1-1: Ground out 4-3 (Groundball, 4S, EV 66.9 MPH)
Top of the 4th over - 0 runs, 0 hits, 0 errors, 0 left on base; New York (N) 1 - Los Angeles (N) 3
BOTTOM OF THE 4TH
Los Angeles (N) Dodgers batting - Pitching for New York (N) Mets : RHP Bob Ferguson
Batting: LHB António Moreno 0-0: Ball
1-0: Ball
2-0: Ground out 4-3 (Groundball, 34D, EV 105.0 MPH)
Batting: LHB Sean Williams 0-0: Called Strike
0-1: Ball
1-1: Foul Ball, location: 23F
1-2: Foul Ball, location: 2F
1-2: Foul Ball, location: 5FF
1-2: Ball
2-2: Ground out 6-3 (Groundball, 6, EV 103.8 MPH)
Batting: RHB Guaspar Joo 0-0: Ball
1-0: Ball
2-0: Foul Ball, location: 2F
2-1: Ground out 6-3 (Groundball, 6, EV 83.8 MPH)
Bottom of the 4th over - 0 runs, 0 hits, 0 errors, 0 left on base; New York (N) 1 - Los Angeles (N) 3
TOP OF THE 5TH
New York (N) Mets batting - Pitching for Los Angeles (N) Dodgers : RHP Lou Fitzpatrick
Batting: RHB Ottavio Attene 0-0: Foul Ball, location: 2F
0-1: Ball
1-1: Foul Ball, location: 25F
1-2: Strikes out looking
Batting: LHB Jim Bond 0-0: Swinging Strike
0-1: Foul Ball, location: 7LDF
0-2: Strikes out swinging
Batting: LHB Isaac Miller 0-0: Called Strike
0-1: Swinging Strike
0-2: Ball
1-2: Foul Ball, location: 2F
1-2: Strikes out swinging
Top of the 5th over - 0 runs, 0 hits, 0 errors, 0 left on base; New York (N) 1 - Los Angeles (N) 3
BOTTOM OF THE 5TH
Los Angeles (N) Dodgers batting - Pitching for New York (N) Mets : RHP Bob Ferguson
Batting: RHB T.J. Greenham 0-0: Foul Ball, location: 25FF
0-1: Ball
1-1: Ball
2-1: SINGLE (Groundball, 6MD, EV 100.0 MPH)
Batting: RHB Rocky Hutchison 0-0: Ball
1-0: Ball
2-0: Bunt missed!
2-1: Bunt missed!
2-2: Ball
3-2: Foul Ball, location: 3F
3-2: Grounds into double play, 6-4-3 (Groundball, 56, EV 86.9 MPH)
Batting: SHB Leroy Brown 0-0: Swinging Strike
0-1: Foul Ball, location: 5SF
0-2: Ball
1-2: Strikes out swinging
Bottom of the 5th over - 0 runs, 1 hit, 0 errors, 0 left on base; New York (N) 1 - Los Angeles (N) 3
TOP OF THE 6TH
New York (N) Mets batting - Pitching for Los Angeles (N) Dodgers : RHP Lou Fitzpatrick
Batting: RHB Steve Robinson 0-0: Called Strike
0-1: Ball
1-1: Ball
2-1: Ball
3-1: Base on Balls
Batting: SHB Alfredo Vega 0-0: Called Strike
Steve Robinson is caught stealing 2nd base 2-6
0-1: Ball
1-1: Swinging Strike
1-2: Ball
2-2: Strikes out swinging, 2-3 out at first.
Batting: RHB Don Cole 0-0: Called Strike
0-1: Ball
1-1: Called Strike
1-2: Ball
2-2: Ball
3-2: Base on Balls
Batting: LHB José González 0-0: Ball
Don Cole is caught stealing 2nd base 2-6
Top of the 6th over - 0 runs, 0 hits, 0 errors, 0 left on base; New York (N) 1 - Los Angeles (N) 3
BOTTOM OF THE 6TH
Los Angeles (N) Dodgers batting - Pitching for New York (N) Mets : RHP Bob Ferguson
Batting: SHB Gonzo Ganjahlez 0-0: Ball
1-0: Ball
2-0: Foul Ball, location: 2F
2-1: Ball
3-1: Base on Balls
Batting: RHB Abraão Vicente 0-0: Called Strike
0-1: Ball
1-1: Ball
2-1: Ball
3-1: 2-RUN HOME RUN (Flyball, 7D, EV 96.9 MPH), Distance : 369 ft
Pitching: RHP Cédric Claudel
Batting: RHB Luis Yagues 0-0: Ball
1-0: Foul Ball, location: 9LDF
1-1: Called Strike
1-2: Fly out, F3 (Line Drive, 3L, EV 66.9 MPH)
Batting: LHB António Moreno 0-0: Ball
1-0: Called Strike
1-1: Ball
2-1: Ball
3-1: Base on Balls
Batting: LHB Sean Williams 0-0: SINGLE (Line Drive, 8LS, EV 95.6 MPH)
António Moreno to second
Batting: RHB Guaspar Joo 0-0: Swinging Strike
0-1: Ball
1-1: Grounds into double play, 4-6-3 (Groundball, 4, EV 110.6 MPH)
Bottom of the 6th over - 2 runs, 2 hits, 0 errors, 1 left on base; New York (N) 1 - Los Angeles (N) 5
TOP OF THE 7TH
New York (N) Mets batting - Pitching for Los Angeles (N) Dodgers : RHP Lou Fitzpatrick
Batting: LHB José González 0-0: Ball
1-0: DOUBLE (Line Drive, 89XD, EV 98.8 MPH)
Pitching: RHP Ánibal Arellano
Batting: LHB Danny Kerr 0-0: Ground out 4-3 (Groundball, 4, EV 82.5 MPH)
José González to third
Batting: LHB Joel Wright 0-0: Called Strike
0-1: DOUBLE (Flyball, 78D, EV 102.5 MPH)
José González scores
Batting: RHB Ottavio Attene 0-0: Ball
1-0: Fly out, F7 (Flyball, 78D, EV 108.8 MPH)
Batting: LHB Jim Bond 0-0: Ball
1-0: Foul Ball, location: 2F
1-1: Ball
2-1: Fly out, F3 (Line Drive, 3, EV 72.5 MPH)
Top of the 7th over - 1 run, 2 hits, 0 errors, 1 left on base; New York (N) 2 - Los Angeles (N) 5
BOTTOM OF THE 7TH
Los Angeles (N) Dodgers batting - Pitching for New York (N) Mets : RHP Cédric Claudel
Batting: RHB T.J. Greenham 0-0: Ball
1-0: Fly out, F2 (Popup, 3SF, EV 88.1 MPH)
Batting: RHB Rocky Hutchison 0-0: Ball
1-0: Foul Ball, location: 2F
1-1: Ball
2-1: Foul Ball, location: 25FF
2-2: Ground out 5-3 (Groundball, 56S, EV 79.4 MPH)
Batting: SHB Leroy Brown 0-0: Ball
1-0: Called Strike
1-1: Foul Ball, location: 9LMF
1-2: Strikes out swinging
Bottom of the 7th over - 0 runs, 0 hits, 0 errors, 0 left on base; New York (N) 2 - Los Angeles (N) 5
TOP OF THE 8TH
New York (N) Mets batting - Pitching for Los Angeles (N) Dodgers : RHP Ánibal Arellano
Pitching: RHP Jeff Clark
Batting: LHB Isaac Miller 0-0: Ball
1-0: Ground out 1-3 (Groundball, 13S, EV 76.9 MPH)
Pinch Hitting: LHB José Núñez 0-0: Called Strike
0-1: Ball
1-1: Ball
2-1: Ball
3-1: Base on Balls
Batting: SHB Alfredo Vega 0-0: Ball
1-0: Ball
2-0: Ball
3-0: Called Strike
3-1: Called Strike
3-2: Foul Ball, location: 2F
3-2: SINGLE (Groundball, 56D, EV 98.1 MPH)
José Núñez to second
Pinch Hitting: SHB Dave Coffman 0-0: Ball
1-0: Ball
2-0: Called Strike
2-1: Ball
3-1: Fielders Choice at 2nd, 2-4 (Groundball, 15S, EV 71.3 MPH)
José Núñez to third
Batting: LHB José González 0-0: Ball
1-0: Swinging Strike
1-1: Ball
2-1: Swinging Strike
2-2: Foul Ball, location: 2F
2-2: Ball
3-2: Strikes out swinging
Top of the 8th over - 0 runs, 1 hit, 0 errors, 2 left on base; New York (N) 2 - Los Angeles (N) 5
BOTTOM OF THE 8TH
Los Angeles (N) Dodgers batting - Pitching for New York (N) Mets : RHP Cédric Claudel
Now at 2B: Don McClure
Now at SS: Dave Coffman
Batting: SHB Gonzo Ganjahlez 0-0: Called Strike
0-1: Foul Ball, location: 2LF
0-2: SINGLE (Groundball, 34S, EV 65.0 MPH) (infield hit)
Batting: RHB Abraão Vicente 0-0: Ball
1-0: Ball
2-0: Called Strike
2-1: Ball
3-1: Reached on error, E5 (Groundball, 56, EV 84.4 MPH)
Gonzo Ganjahlez to second
Batting: RHB Luis Yagues 0-0: Ball
1-0: Foul Ball, location: 3DF
1-1: Ball
2-1: Swinging Strike
2-2: Ball
3-2: Strikes out swinging
Batting: LHB António Moreno 0-0: Foul Ball, location: 2F
0-1: Ball
1-1: 3-RUN HOME RUN (Flyball, 9D, EV 103.8 MPH), Distance : 374 ft
Batting: LHB Sean Williams 0-0: Foul Ball, location: 2F
0-1: DOUBLE (Flyball, 8LXD, EV 110.6 MPH)
Batting: RHB Guaspar Joo 0-0: Ball
1-0: Ball
2-0: SINGLE (Line Drive, 9S, EV 94.4 MPH)
Sean Williams to third
Batting: RHB T.J. Greenham 0-0: Ball
1-0: Ball
2-0: Ball
3-0: Called Strike
3-1: Foul Ball, location: 2RF
3-2: Base on Balls
Guaspar Joo to second
Batting: RHB Rocky Hutchison 0-0: Called Strike
0-1: Ball
1-1: Ball
2-1: Foul Ball, location: 9LDF
2-2: Foul Ball, location: 2F
2-2: Ball
3-2: SINGLE (Groundball, 34D, EV 105.0 MPH)
Sean Williams scores
Guaspar Joo to third
T.J. Greenham to second
Pitching: LHP Tim Treadway
Batting: SHB Leroy Brown 0-0: Called Strike
0-1: Swinging Strike
0-2: Ball
1-2: Ball
2-2: Foul Ball, location: 7LDF
2-2: Grounds into fielders choice 5-2 (Groundball, 56S, EV 62.5 MPH)
T.J. Greenham to third
Rocky Hutchison to second
Batting: SHB Gonzo Ganjahlez 0-0: Ground out 5-3 (Groundball, 5S, EV 70.6 MPH)
Bottom of the 8th over - 4 runs, 5 hits, 1 error, 3 left on base; New York (N) 2 - Los Angeles (N) 9
TOP OF THE 9TH
New York (N) Mets batting - Pitching for Los Angeles (N) Dodgers : RHP Jeff Clark
Now in RF: Jesús Herrera
Batting: LHB Danny Kerr 0-0: Called Strike
0-1: Ball
1-1: Ground out 4-3 (Groundball, 4, EV 82.5 MPH)
Batting: LHB Joel Wright 0-0: Ball
1-0: Ball
2-0: Ball
3-0: Base on Balls
Pitching: RHP Phil Foster
Batting: RHB Ottavio Attene 0-0: Fly out, F8 (Flyball, 8LM, EV 89.4 MPH)
Batting: LHB Jim Bond 0-0: Called Strike
0-1: Ball
1-1: Ball
2-1: Ground out 4-3 (Groundball, 4, EV 75.6 MPH)
Top of the 9th over - 0 runs, 0 hits, 0 errors, 1 left on base; New York (N) 2 - Los Angeles (N) 9
Sunday, March 24th , 2024 - OOTP Baseball 24.10 Build 82